Map: Acid Plant LE

Players

Kelazhur - Winner!

  • Race: Terran Terran
  • Spawn Location: 11:00

Neeb

  • Race: Protoss Protoss
  • Spawn Location: 5:00

VOD

Have the link to the VOD?

Description

Time

  • Played on: Feb. 2, 2018, 5:49 p.m.
  • Length: 12:35
Show
View Real Time Build Order
Export as new Build Order

Kelazhur Terran - Winner!

Build Orders: Gas First Reaper Expand, Reaper Expand, MMM Bio 

Get SALT Encoding   

  12  0:00  SCV  
  13  0:13  SCV  
  14  0:17  Supply Depot  
  14  0:25  SCV  
  15  0:29  Refinery  
  15  0:39  SCV  
  16  0:44  Barracks  
  16  0:51  SCV  
  17  1:03  SCV  
  18  1:15  SCV  
  19  1:31  Reaper, Orbital Command  
  20  1:42  Command Center  
  20  1:53  Factory  
  20  1:57  SCV  
  21  2:06  Barracks Reactor  
  21  2:07  Supply Depot  
  21  2:11  SCV  
  22  2:18  Refinery  
  22  2:23  SCV  
  23  2:36  SCV  
  24  2:43  Starport  
  24  2:48  Hellion x2  
  28  2:52  SCV  
  28  2:54  Orbital Command  
  29  2:58  Barracks Tech Lab  
  29  3:04  SCV  
  30  3:11  Hellion x2  
  34  3:16  SCV  
  34  3:19  Medivac  
  37  3:21  SCV  
  38  3:29  SCV  
  38  3:31  Supply Depot  
  42  3:34  Widow Mine  
  42  3:35  Widow Mine  
  42  3:40  SCV  
  43  3:43  SCV  
  43  3:46  Marine  
  45  3:49  Bunker  
  45  3:52  SCV  
  45  3:55  SCV  
  47  4:04  SCV, Marine  
  47  4:07  SCV  
  50  4:12  Stimpack  
  50  4:14  Widow Mine, Barracks  
  50  4:16  SCV  
  49  4:19  SCV  
  49  4:21  Marine  
  51  4:28  SCV  
  51  4:31  SCV  
  47  4:38  Widow Mine x2  
  51  4:39  Marine  
  51  4:40  SCV  
  51  4:42  Engineering Bay  
  51  4:43  SCV, Barracks  
  54  4:45  Supply Depot  
  54  4:52  Supply Depot  
  54  5:07  SCV x2, Marine  
  54  5:08  Terran Infantry Weapons Level 1  
  54  5:12  Factory Tech Lab  
  54  5:13  Marine x2  
  59  5:19  SCV x2  
  59  5:22  Refinery  
  59  5:23  Refinery  
  59  5:24  Starport Reactor, Marine  
  58  5:30  Command Center  
  58  5:31  SCV x2  
  58  5:35  Marine x2  
  60  5:40  Factory Reactor  
  60  5:42  Marine x2, Combat Shields  
  62  5:43  SCV x2  
  64  5:53  Marine  
  64  5:55  SCV, Marine  
  64  5:56  SCV  
  68  6:00  Marine  
  68  6:01  Barracks  
  68  6:02  Barracks  
  69  6:05  Missile Turret  
  69  6:07  Marine  
  69  6:09  Missile Turret  
  70  6:11  Supply Depot  
  70  6:12  Supply Depot  
  70  6:16  Concussive Shells  
  70  6:21  Widow Mine x2, Marine x2, Medivac  
  78  6:33  SCV x2, Medivac, Marauder x2  
  86  6:45  Widow Mine, SCV x2  
  86  6:46  Widow Mine  
  92  6:48  Orbital Command  
  92  6:51  Barracks Reactor, Barracks Tech Lab, Armory  
  92  6:54  Marine x2  
  92  6:57  SCV, Medivac  
  92  7:00  Marauder  
  92  7:01  Marauder  
  101  7:03  Medivac  
  101  7:04  Terran Infantry Armor Level 1  
  103  7:11  Marauder  
  103  7:12  SCV, Marine  
  103  7:15  Widow Mine  
  109  7:20  Supply Depot  
  109  7:25  Supply Depot  
  109  7:33  Supply Depot x2  
  109  7:38  Marauder  
  109  7:41  Marine x2, Medivac x2  
  109  7:42  Marauder  
  117  7:45  Orbital Command  
  117  7:47  SCV, Marine x2, Marauder  
  122  7:59  Marauder  
  122  8:03  Marauder  
  124  8:09  Marauder  
  124  8:10  Marine  
  124  8:11  Marine x3  
  125  8:13  SCV  
  121  8:21  Marauder  
  121  8:23  SCV x2  
  121  8:24  Marauder  
  118  8:28  Marine x2  
  118  8:30  Marauder  
  118  8:32  Engineering Bay  
  118  8:34  SCV  
  123  8:36  Missile Turret  
  123  8:38  Marine x2  
  123  8:39  Medivac x2  
  123  8:41  Widow Mine x2, Bunker  
  133  8:42  Supply Depot, Marauder  
  133  8:48  SCV, Marine x2, Marauder  
  139  8:52  Marauder  
  139  8:53  SCV  
  141  8:59  Supply Depot  
  141  9:03  Marine x2  
  141  9:04  Widow Mine x2, Marauder  
  141  9:06  Terran Infantry Weapons Level 2  
  141  9:08  Supply Depot  
  149  9:12  Terran Infantry Armor Level 2  
  149  9:15  Marine  
  149  9:21  Marine x3, Marauder x2  
  156  9:26  Supply Depot  
  156  9:27  Supply Depot  
  156  9:30  Widow Mine, Marauder  
  156  9:31  Medivac x2  
  164  9:32  Marine  
  164  9:34  Supply Depot  
  165  9:39  Supply Depot, Marine  
  165  9:44  Marauder  
  162  9:51  Marauder  
  152  9:55  Widow Mine x2, Marauder, Marine x3, Supply Depot  
  152  9:59  SCV, Refinery x2  
  156  10:00  Starport  
  156  10:01  Medivac x2  
  156  10:05  Marine  
  156  10:06  Marauder  
  161  10:11  Marine  
  161  10:12  Fusion Core  
  159  10:17  Marauder  
  158  10:24  Marine x2  
  158  10:27  Marauder  
  166  10:28  Widow Mine x2, Marine x2  
  166  10:30  Marauder  
  170  10:38  Marauder  
  170  10:41  Marine  
  170  10:42  Marine  
  174  10:44  Starport Tech Lab  
  174  10:46  Marine x2  
  174  10:47  Supply Depot  
  174  10:49  Marauder  
  178  10:50  Medivac x2  
  178  10:53  Command Center  
  178  10:54  Marauder  
  184  11:03  Marine x2, Liberator x2  
  184  11:04  Marine, Marauder  
  182  11:06  Widow Mine x2  
  182  11:10  Advanced Ballistics, Marauder  
  185  11:34  Marauder x3  
  185  11:35  Marine x2  
  187  11:49  Widow Mine, Marine x2  
  187  11:52  Marine  
  176  11:55  Marauder x3  
  159  12:11  Marine x2  
  159  12:12  Marine x2  
  152  12:16  Marine x2  
Show
View Real Time Build Order
Export as new Build Order

Neeb Protoss 

Build Orders: 1 Gate Expand, Oracle Opening, Phoenix Opening 

Get SALT Encoding   

  12  0:00  Probe  
  13  0:12  Probe  
  14  0:18  Pylon  
  14  0:24  Probe (Chrono Boost)  
  15  0:37  Probe (Chrono Boost)  
  15  0:38  Assimilator  
  16  0:42  Gateway  
  16  0:46  Probe (Chrono Boost)  
  17  0:53  Probe  
  18  1:05  Probe  
  19  1:17  Probe  
  20  1:23  Nexus  
  20  1:33  Cybernetics Core  
  20  1:34  Probe  
  21  1:40  Assimilator  
  21  1:46  Probe  
  22  1:50  Pylon  
  22  1:59  Probe  
  23  2:08  Adept (Chrono Boost)  
  23  2:11  Probe  
  23  2:13  Stargate  
  26  2:21  Warp Gate  
  26  2:23  Probe  
  26  2:27  Adept  
  29  2:35  Probe x2  
  31  2:47  Probe x2  
  33  2:55  Adept  
  33  2:56  Oracle (Chrono Boost)  
  38  2:59  Probe  
  38  3:00  Probe  
  40  3:10  Pylon  
  40  3:11  Probe  
  41  3:13  Probe  
  42  3:23  Probe  
  42  3:24  Phoenix (Chrono Boost)  
  42  3:26  Probe  
  46  3:32  Pylon  
  46  3:35  Probe  
  46  3:38  Probe  
  48  3:42  Phoenix  
  48  3:47  Probe  
  51  3:50  Probe  
  51  3:52  Pylon  
  52  4:00  Probe  
  52  4:02  Probe  
  53  4:07  Phoenix  
  51  4:12  Probe  
  49  4:20  Probe  
  49  4:28  Probe  
  50  4:36  Probe, Nexus  
  51  4:39  Pylon  
  51  4:42  Probe, Assimilator  
  52  4:46  Phoenix (Chrono Boost), Assimilator  
  52  4:49  Probe  
  52  4:52  Gateway  
  55  4:53  Gateway  
  55  4:54  Probe  
  53  5:01  Probe, Pylon  
  53  5:06  Probe  
  55  5:08  Phoenix (Chrono Boost)  
  55  5:13  Probe  
  56  5:16  Pylon  
  56  5:18  Probe  
  57  5:25  Probe  
  57  5:26  Twilight Council  
  57  5:27  Forge  
  58  5:29  Sentry  
  58  5:30  Probe  
  58  5:33  Phoenix (Chrono Boost)  
  63  5:37  Probe  
  64  5:43  Probe  
  64  5:49  Probe x2, Protoss Ground Armor Level 1 (Chrono Boost)  
  67  5:55  Probe, Charge (Chrono Boost)  
  67  5:56  Sentry  
  70  5:57  Phoenix (Chrono Boost)  
  70  6:01  Probe x2  
  74  6:07  Probe  
  74  6:11  Pylon  
  75  6:13  Probe x2  
  77  6:19  Probe  
  77  6:21  Phoenix  
  77  6:24  Gateway  
  81  6:25  Probe x2  
  81  6:26  Gateway  
  81  6:29  Pylon  
  81  6:32  Gateway  
  82  6:33  Probe  
  82  6:37  Probe x2  
  85  6:46  Phoenix  
  87  6:49  Gateway  
  87  6:51  Gateway  
  87  6:52  Pylon  
  87  6:53  Zealot x2  
  91  6:57  Robotics Facility  
  91  7:00  Probe  
  91  7:01  Probe x2  
  94  7:10  Assimilator  
  94  7:11  Assimilator  
  94  7:13  Probe, Blink  
  94  7:14  Zealot x2  
  101  7:16  Zealot  
  101  7:20  Pylon  
  101  7:24  Forge  
  101  7:26  Pylon  
  101  7:38  Zealot  
  101  7:39  Zealot x4  
  101  7:40  Probe x3  
  114  7:48  Observer  
  114  7:50  Photon Cannon  
  100  8:13  Probe  
  95  8:21  Pylon, Zealot x5  
  95  8:22  Probe x2  
  95  8:23  Phoenix (Chrono Boost)  
  95  8:25  Probe, Protoss Ground Armor Level 2 (Chrono Boost)  
  100  8:31  Pylon  
  100  8:34  Probe x2, Pylon  
  102  8:37  Probe  
  103  8:42  Immortal  
  103  8:46  Probe  
  108  8:53  Robotics Bay  
  108  8:55  Sentry x2, Robotics Facility  
  112  8:56  Stalker x5  
  122  9:05  Nexus  
  122  9:16  Stalker  
  124  9:17  Probe x2  
  124  9:18  Probe  
  124  9:19  Immortal (Chrono Boost)  
  131  9:25  Zealot x2  
  131  9:26  Zealot  
  131  9:31  Pylon x2  
  137  9:44  Probe x3  
  128  9:46  Nexus  
  124  9:53  Colossus (Chrono Boost)  
  124  9:56  Probe x2  
  124  9:58  Colossus (Chrono Boost)  
  136  10:07  Extended Thermal Lance  
  136  10:08  Sentry x2  
  140  10:21  Probe x2  
  142  10:22  Pylon  
  142  10:23  Forge  
  142  10:30  Protoss Ground Weapons Level 1 (Chrono Boost)  
  142  10:34  Pylon  
  142  10:37  Colossus (Chrono Boost)  
  142  10:41  Colossus (Chrono Boost)  
  154  10:43  Assimilator  
  154  10:45  Pylon  
  154  10:46  Assimilator  
  154  10:47  Templar Archives  
  150  11:02  Sentry x2  
  150  11:03  Stalker x5  
  152  11:04  Probe x2  
  152  11:05  Probe  
  155  11:18  Shield Battery  
  155  11:19  Shield Battery  
  155  11:28  Probe  
  155  11:29  Probe x3  
  148  11:33  High Templar x4  
  148  11:37  Archon  
  148  11:38  Zealot x3, Archon  
  162  11:40  Probe  
  162  11:41  Probe x2  
  162  11:42  Probe  
  160  11:52  Zealot  
  127  11:59  Probe  
  127  12:00  Stalker  
  127  12:01  Stalker  
  108  12:02  Stalker  
  77  12:15  Stalker  
  77  12:16  Stalker x6  
Tags
 
Add a new tag
Caveats
  • Supply blocks, unpowered buildings, or Contaminate may cause inaccurate times.
  • Supply counts are checked every 10 seconds.